 Dungeon Crawl Stone Soup version 0.22.0-6-g71bd7aa (webtiles) character file.

18 zake1313 the Magician (level 2, 0/17 HPs)
             Began as an Octopode Wizard on Aug 15, 2018.
             Slain by an adder (4 damage)
             ... on level 2 of the Dungeon.
             The game lasted 00:07:55 (955 turns).

zake1313 the Magician (Octopode Wizard)              Turns: 955, Time: 00:07:55

Health: 0/17       AC:  1    Str:  6    XL:     2   Next: 70%
Magic:  1/6        EV: 13    Int: 20    God:
Gold:   15         SH:  0    Dex: 10    Spells: 6/7 levels left

rFire    . . .     SeeInvis .   f - +0 dagger
rCold    . . .     Gourm    .   (no shield)
rNeg     . . .     Faith    .   a - +0 hat
rPois    .         Spirit   .   (no amulet)
rElec    .         Reflect  .   (no ring)
rCorr    .         Harm     .   (no ring)
MR       .....                  (no ring)
Stlth    +++.......             (no ring)
HPRegen  0.05/turn              (no ring)
MPRegen  0.10/turn              (no ring)
                                (no ring)
                                (no ring)

@: lethally poisoned (0 -> -6), very slightly contaminated
A: almost no armour, stealthy swim, amphibious, 8 rings, constrict 8, camouflage
1, gelatinous body 1
a: no special abilities


You were on level 2 of the Dungeon.
You were not hungry.

You visited 1 branch of the dungeon, and saw 2 of its levels.

You collected 15 gold pieces.

Inventory:

Hand Weapons
 b - a +0 short sword
 f - a +0 dagger (weapon)
Armour
 a - a +0 hat (worn)
Scrolls
 e - a scroll of remove curse {unknown}
Potions
 g - 2 potions of mutation
 h - a potion of might {unknown}
 i - a potion of curing {unknown}
 j - a potion of agility {unknown}
Comestibles
 c - a ration


   Skills:
 + Level 0.2 Fighting
 + Level 2.2 Dodging
 + Level 3.0 Stealth
 + Level 3.3 Spellcasting
 + Level 1.3 Conjurations
   Level 1.0 Summonings
   Level 1.0 Translocations


You had 6 spell levels left.
You knew the following spells:

 Your Spells              Type           Power        Failure   Level  Hunger
a - Magic Dart            Conj           #...         9%          1    None

Your spell library contained the following spells:

 Spells                   Type           Power        Failure   Level  Hunger
 Conjure Flame            Conj/Fire      #.......     32%         3    ###....
 Slow                     Hex            #.......     21%         2    ##.....
 Mephitic Cloud           Conj/Pois/Air  #.......     34%         3    ###....
 Blink                    Tloc           N/A          14%         2    ##.....
 Call Imp                 Summ           #.......     14%         2    ##.....


Dungeon Overview and Level Annotations

Branches:
Dungeon (2/15)

Altars:


Innate Abilities, Weirdness & Mutations

You cannot wear most types of armour.
You are very stealthy in the water. (Stealth+)
You are amphibious.
You can wear up to eight rings at the same time.
You can use your tentacles to constrict eight enemies at once.
Your skin changes colour to match your surroundings (Stealth+).
Your rubbery body absorbs attacks. (AC +1, EV +1)


Message History

The adder bites you.
You are poisoned.
The adder poisons you!
You closely miss the adder. Your grab misses the adder.
The adder is severely wounded.
You feel sick. The adder bites you. The adder closely misses you.
You barely miss the adder. Your grab misses the adder.
Your squeeze misses the adder.
The adder is severely wounded.
The adder barely misses you.
You hit the adder but do no damage. Your grab misses the adder.
The adder is severely wounded.
The adder bites you.
* * * LOW HITPOINT WARNING * * *
As you read the scroll labeled ZOLEAR BAIR, it crumbles to dust.
It is a scroll of identify.
g - 2 potions of mutation
* * * LOW HITPOINT WARNING * * *
You feel sick. The adder bites you.
You die...

#.............
#.##.....###...
#.....>.#####.####
######)###.......#
#.# #......$# #
##.# #.......##.#
#..# #...........
#.## #...S..>##.
#.# #...@...# .##
##.## #.......#
..# #
#...#########$#
#.#.# #.....#
#.###.#.#
#...#.####
#.......#
##.......#
#####.###
#.##.##†# #.#
#.##.##.# #####.#
#.##.##.####.....#


You could see an adder.

Vanquished Creatures
  A dart slug (D:2)
  2 giant cockroaches
  3 goblins
  3 hobgoblins (D:1)
  2 kobolds (D:1)
  A bat (D:1)
  2 frilled lizards
  A rat (D:1)
15 creatures vanquished.

Notes
Turn   | Place    | Note
-------+----------+-------------------------------------------
     0 | D:1      | zake1313 the Octopode Wizard began the quest for the Orb.
     0 | D:1      | Reached XP level 1. HP: 11/11 MP: 4/4
   284 | D:1      | Reached XP level 2. HP: 17/17 MP: 3/6
   955 | D:2      | Slain by an adder

Skill      XL: |  1 |
---------------+----+-----
Stealth        | 3 |  3.0
Fighting       | |  0.2
Dodging        | |  2.2
Spellcasting   | |  3.3
Conjurations   | |  1.3
Summonings     | |  1.0
Translocations | |  1.0

Action                   || total
-------------------------++-------
Melee: Unarmed           ||     1
       Dagger            ||     8
       Short sword       ||     6
       Constrict         ||     2
       Tentacles         ||     1
 Cast: Magic Dart        ||    41
  Use: Scroll            ||     2
 Stab: Sleeping          ||     1
Armor: Skin              ||     2
Dodge: Dodged            ||    13
